 Dungeon Crawl Stone Soup version 0.29.0-5-ge4962eb29e (webtiles) character file.

Game seed: 2052877359228644316

26 SnakkuSnakku7 the Trooper (level 3, -1/28 HPs)
             Began as a Merfolk Air Elementalist on Aug 30, 2022.
             Was an Initiate of Yredelemnul.
             Killed by nerve-wracking pain
             ... invoked by Jessica
              (6 damage)
             ... on level 2 of the Dungeon.
             The game lasted 00:01:31 (1157 turns).

SnakkuSnakku7 the Trooper (MfAE)                    Turns: 1157, Time: 00:01:32

Health: -1/28      AC:  3    Str: 16    XL:     3   Next: 8%
Magic:  6/6        EV: 12    Int: 14    God:    Yredelemnul [......]
Gold:   53         SH:  0    Dex: 14    Spells: 5/6 levels left

rFire   . . .      SeeInvis .   l - +0 short sword
rCold   . . .      Faith    .   (no shield)
rNeg    . . .      Spirit   .   a - +0 robe
rPois   .          Reflect  .   d - +0 helmet
rElec   .          Harm     .   (no cloak)
rCorr   .          Rampage  .   (no gloves)
Will    .....                   (no boots)
Stlth   ++........              (no amulet)
HPRegen 0.09/turn               f - +6 ring of strength
MPRegen 0.10/turn               (no ring)

@: slowed, very slow
A: (nimble swimmer 2), mertail
a: Renounce Religion, Recall Undead Harvest


You were on level 2 of the Dungeon.
You worshipped Yredelemnul.
Yredelemnul was noncommittal.
You visited 1 branch of the dungeon, and saw 2 of its levels.

You collected 53 gold pieces.

Inventory:

Hand Weapons
 e - a +0 club
 l - a +0 short sword (weapon)
Armour
 a - a +0 robe (worn)
 c - a +0 ring mail
 d - a +0 helmet (worn)
 m - a +0 kite shield
Jewellery
 f - a +6 ring of strength (left hand)
Scrolls
 g - a scroll of enchant weapon {unknown}
 j - a scroll of acquirement {unknown}
 k - a scroll of vulnerability {unknown}
Potions
 b - a potion of magic
 h - 2 potions of ambrosia {unknown}
 i - a potion of cancellation {unknown}
 n - a potion of attraction {unknown}


   Skills:
 + Level 2.9 Fighting
 - Level 2.6 Dodging
 - Level 2.1 Stealth
 - Level 2.0 Spellcasting
 - Level 0.7 Conjurations
 - Level 2.4 Air Magic


You had 5 spell levels left.
You knew the following spells:

 Your Spells              Type           Power      Damage    Failure   Level
a - Shock                 Conj/Air       20%        1d4       13%         1

Your spell library contained the following spells:

 Spells                   Type           Power      Damage    Failure   Level
 Static Discharge         Conj/Air       5%         3-4/arc   19%         2
 Swiftness                Air            8%         N/A       26%         3
 Airstrike                Air            4%         2d(1-17)  65%         4


Dungeon Overview and Level Annotations

Branches:
Dungeon (2/15)

Altars:
Yredelemnul

Shops:
D:1 (

Annotations:
D:2 Jessica


Innate Abilities, Weirdness & Mutations

((You are very nimble when in or above water. (Stealth+, EV+, Speed+++)))
Your lower body shifts to a powerful aquatic tail in water.


Message History

The kobold closely misses you.
Jessica mumbles some strange words.
Jessica blinks!
The hobgoblin misses you. The kobold hits you with a +0 club.
The hobgoblin hits you.
You hit the hobgoblin.
The hobgoblin is heavily wounded.
The kobold hits you with a +0 club. The hobgoblin hits you.
You hit the hobgoblin.
The hobgoblin is almost dead.
The kobold hits you with a +0 club. The hobgoblin hits you.
You closely miss the hobgoblin.
The hobgoblin is almost dead.
The kobold hits you with a +0 club. The hobgoblin closely misses you.
You are too injured to fight recklessly!
The kobold attacks as you move away! The kobold hits you with a +0 club.
Jessica casts a spell.
Jessica blinks!
The kobold attacks as you move away! The kobold hits you but does no damage.
Jessica closely misses you.
You hit Jessica.
Jessica is heavily wounded.
The kobold hits you with a +0 club.
Jessica mumbles some strange words.
Jessica blinks!
The kobold throws a stone.
The stone hits you.
Jessica drinks a potion.
Jessica is healed!
Jessica hits you with a +0 dagger.
* * * LOW HITPOINT WARNING * * *
Jessica hits you but does no damage. Jessica gestures at you while chanting.
You feel yourself slow down.
The kobold throws a stone.
The stone hits you but does no damage. The kobold hits you with a +0 club.
* * * LOW HITPOINT WARNING * * *
There is a stone staircase leading up here.
The kobold completely misses you. Jessica casts a spell at you.
Pain shoots through your body!
You die...
Your body rises from the dead as a mindless zombie.

############
..........>#
#######....#
#........#.#
#.###....#.#
#.#@...#.#.######
#.#@K..#.#......#
#.#g####.######.#
#...............#
#..######.......#
#..######.......#
#...............#
##.######......##
#..# #......#


You could see Jessica, a hobgoblin and a kobold.

Vanquished Creatures
  3 dart slugs
  2 bats (D:1)
  4 endoplasms (D:1)
  A giant cockroach (D:1)
  2 goblins (D:1)
  A hobgoblin (D:1)
  2 ball pythons (D:1)
  2 kobolds (D:1)
  A rat (D:1)
18 creatures vanquished.

Vanquished Creatures (others)
  A plant (D:1)
1 creature vanquished.

Grand Total: 19 creatures vanquished

Notes
Turn   | Place    | Note
-------+----------+-------------------------------------------
     0 | D:1      | SnakkuSnakku7 the Merfolk Air Elementalist began the quest
                  | for the Orb.
     0 | D:1      | Reached XP level 1. HP: 13/13 MP: 3/3
   139 | D:1      | Reached skill level 1 in Fighting
   331 | D:1      | Reached XP level 2. HP: 16/22 MP: 5/5
   954 | D:1      | Found a faded altar of an unknown god.
   965 | D:1      | Prayed at the altar of an unknown god.
   965 | D:1      | Became a worshipper of Yredelemnul the Dark
   993 | D:1      | Reached XP level 3. HP: 25/28 MP: 6/6
  1011 | D:1      | Found Akiemyj's Antique Weapon Boutique.
  1136 | D:2      | Noticed Jessica
  1157 | D:2      | Killed from afar by Jessica

Illustrated notes

Levels and vault maps discovered:
D:1:      eino_arrival_cavern_a, layout_basic, serial_shops,
          nicolae_lakefront_shop, shapermc_ecumenical_altar_acropolis
D:2:      layout_basic, uniq_terence, uniq_jessica

Skill      XL: |  1  2 |
---------------+-------+-----
Fighting       | 1 2 |  2.9
Dodging        | |  2.6
Stealth        | |  2.1
Spellcasting   | |  2.0
Conjurations   | |  0.7
Air Magic      | |  2.4

Action                   || total
-------------------------++-------
Melee: Club              ||    48
       Short sword       ||    15
       Punch             ||     1
 Cast: Shock             ||     5
 Stab: Sleeping          ||     3
Armor: Robe              ||    29
Dodge: Dodged            ||    54
